 Dungeon Crawl Stone Soup version 0.29-a0-362-g5854e031c7 (webtiles) character file.

Game seed: 3648071133509515998

44 croobank the Sneak (level 3, -2/21 HPs)
             Began as an Octopode Hedge Wizard on Apr 29, 2022.
             Slain by Edmund
             ... wielding a +2 dire flail of protection
              (11 damage)
             ... on level 4 of the Dungeon.
             The game lasted 00:04:46 (2268 turns).

croobank the Sneak (Octopode Hedge Wizard)          Turns: 2268, Time: 00:04:46

Health: -2/21      AC:  1    Str:  9    XL:     3   Next: 62%
Magic:  5/7        EV: 13    Int: 18    God:
Gold:   47         SH:  0    Dex: 11    Spells: 2/8 levels left

rFire   . . .      SeeInvis .   a - +0 dagger
rCold   . . .      Faith    .   (no shield)
rNeg    . . .      Spirit   .   b - +0 hat
rPois   .          Reflect  .   (no amulet)
rElec   .          Harm     .   j - ring of resist corrosion
rCorr   +          Rampage  .   (no ring)
Will    .....                   (no ring)
Stlth   +++.......              (no ring)
HPRegen 0.07/turn               (no ring)
MPRegen 0.10/turn               (no ring)
                                (no ring)
                                (no ring)

@: no status effects
A: almost no armour, amphibious, 8 rings, camouflage 1, gelatinous body 1,
(nimble swimmer 1), tentacles
a: no special abilities


You were on level 4 of the Dungeon.
You visited 1 branch of the dungeon, and saw 3 of its levels.

You collected 47 gold pieces.

Inventory:

Hand Weapons
 a - a +0 dagger (weapon)
Missiles
 i - 7 stones
Armour
 b - a +0 hat (worn)
Jewellery
 j - a ring of resist corrosion (left tentacle)
Scrolls
 d - a scroll of teleportation {unknown}
 e - a scroll of amnesia {unknown}
 f - a scroll of identify {unknown}
 g - 2 scrolls of magic mapping {unknown}
 h - a scroll of silence {unknown}
 m - a scroll of summoning {unknown}
 n - a scroll of acquirement {unknown}
 o - a scroll of enchant armour {unknown}
Potions
 c - a potion of magic
 k - a potion of heal wounds {unknown}
 l - a potion of cancellation {unknown}


   Skills:
 + Level 0.0 Fighting
 + Level 2.3 Dodging
 + Level 3.3 Stealth
 + Level 3.2 Spellcasting
 + Level 1.5 Conjurations
 + Level 1.5 Summonings
 + Level 1.5 Translocations


You had 2 spell levels left.
You knew the following spells:

 Your Spells              Type           Power      Damage    Failure   Level
a - Magic Dart            Conj           32%        1d4       9%          1
b - Blink                 Tloc           16%        N/A       13%         2
c - Call Imp              Summ           8%         N/A       13%         2
d - Slow                  Hex            8%         N/A       16%         1

Your spell library contained the following spells:

 Spells                   Type           Power      Damage    Failure   Level
 Conjure Flame            Conj/Fire      5%         6-21      34%         3
 Mephitic Cloud           Conj/Pois/Air  4%         N/A       36%         3


Dungeon Overview and Level Annotations

Branches:
Dungeon (2/15)

Altars:

Shops:
D:2 :

Annotations:
D:4 Edmund


Innate Abilities, Weirdness & Mutations

You cannot wear most types of armour.
You are amphibious.
You can wear up to eight rings at the same time.
Your skin changes colour to match your surroundings (Stealth+).
Your rubbery body absorbs attacks. (AC +1, EV +1)
((You are camouflaged when in or above water. (Stealth+)))
You have tentacles for arms and can constrict up to eight enemies at once.


Message History

HP restored.
Found a chain mail.
You now have 47 gold pieces (gained 10).
You open the door.
There is an open door here.
There is a fountain of clear blue water here.
You open the large door.
Edmund, a quokka and a worm come into view.
Edmund is wielding a +2 dire flail of protection.
Found a stone staircase leading down.
There are monsters nearby!
Casting: Magic Dart (safe; 9% risk of failure)
Confirm with . or Enter, or press ? or * to list all spells.
Aiming: Slow (safe; 16% risk of failure)
Press: ? - help, Shift-Dir - straight line, f - Edmund
Aim: Edmund, wielding a +2 dire flail of protection and wearing a +0 chain mail (chance to affect: 36%) Edmund easily resists.
Casting: Slow (safe; 16% risk of failure)
Confirm with . or Enter, or press ? or * to list all spells.
Aiming: Slow (safe; 16% risk of failure)
Press: ? - help, Shift-Dir - straight line, f/p - Edmund
Aim: Edmund, wielding a +2 dire flail of protection and wearing a +0 chain mail (chance to affect: 36%) Edmund easily resists.
Casting: Slow (safe; 16% risk of failure)
Confirm with . or Enter, or press ? or * to list all spells.
Aiming: Slow (safe; 16% risk of failure)
Press: ? - help, Shift-Dir - straight line, f/p - Edmund
Aim: Edmund, wielding a +2 dire flail of protection and wearing a +0 chain mail (chance to affect: 36%) Edmund seems to slow down.
Edmund is no longer moving slowly.
Edmund attacks as you move away!
Edmund hits you with a +2 dire flail of protection.
There is an open door here.
Edmund attacks as you move away!
Edmund hits you with a +2 dire flail of protection.
Edmund attacks as you move away! Edmund barely misses you.
Edmund attacks as you move away!
Edmund hits you with a +2 dire flail of protection!
Ouch! That really hurt!
You die...

####.# #.# [...# #.#
#†.# #.#
###..###.######.
#...............
##.........##
.)....###...#
#...#.##..#.###########.
##..#.#..##....@@......#
###.....###r###########.
#.##...##.#.#
+⌠.##.##.⌠'.#
#...#+#..r#.#
#...+...##.# #.....##..#
##.⌠.## .## ##.## .#


You could see Edmund and a quokka.

Vanquished Creatures
  A worm (D:4)
  A dart slug (D:2)
  5 endoplasms
  A giant cockroach (D:1)
  6 goblins
  2 hobgoblins (D:1)
  2 quokkas (D:2)
  3 ball pythons (D:1)
  5 bats
  A frilled lizard (D:1)
  7 kobolds
  A rat (D:1)
35 creatures vanquished.

Notes
Turn   | Place    | Note
-------+----------+-------------------------------------------
     0 | D:1      | croobank the Octopode Hedge Wizard began the quest for the
                  | Orb.
     0 | D:1      | Reached XP level 1. HP: 11/11 MP: 4/4
   276 | D:1      | Reached XP level 2. HP: 17/17 MP: 3/6
   429 | D:1      | Learned a level 2 spell: Blink
   432 | D:1      | Learned a level 2 spell: Call Imp
   434 | D:1      | Learned a level 1 spell: Slow
   671 | D:1      | Found a faded altar of an unknown god.
  1037 | D:1      | Reached XP level 3. HP: 17/21 MP: 7/7
  2106 | D:2      | Found Yhyesan's Book Emporium.
  2188 | D:2      | You fall into a shaft and drop 2 floors!
  2252 | D:4      | Noticed Edmund
  2268 | D:4      | Slain by Edmund

Illustrated notes

Levels and vault maps discovered:
D:1:      lightli_arrival_statue_moat, layout_loops_ring,
          shapermc_ecumenical_altar_flowoftime
D:2:      layout_basic, serial_shops, shop_fountains
D:4:      layout_loops_ring, lemuel_tele_altar, general_overflow_altar,
          grunt_decor_arrowhead, uniq_edmund

Skill      XL: |  1  2 |
---------------+-------+-----
Stealth        | 3 |  3.3
Dodging        | |  2.3
Spellcasting   | |  3.2
Conjurations   | |  1.5
Summonings     | |  1.5
Translocations | |  1.5

Action                   || total
-------------------------++-------
Melee: Dagger            ||    57
       Tentacles         ||    11
       Constrict         ||    14
       Punch             ||     1
 Cast: Magic Dart        ||    14
       Slow              ||     3
 Stab: Sleeping          ||     4
Armor: Skin              ||     7
Dodge: Dodged            ||    24

Table legend: (Time is in decaauts)
 A = Elapsed time spent in this place.
 B = Non-inter-level travel time spent in this place.
 C = Inter-level travel time spent in this place.
 D = Time resting spent in this place.
 E = Time spent auto-exploring this place.
 F = Levels seen in this place.
 G = Mean time per level.
                   A        B        C        D        E       F      G
               +--------+--------+--------+--------+--------+-----+--------+
         Total |   2266 |   2229 |     37 |    374 |   1604 |   3 |  755.3 |
       Dungeon |   2266 |   2229 |     37 |    374 |   1604 |   3 |  755.3 |
               +--------+--------+--------+--------+--------+-----+--------+

Top non-repeatable levels by time:
     D:1: 1583 daAuts
     D:2: 604 daAuts
     D:4: 79 daAuts
